Cogmind - Beta 15 @@@ ROGUE MODE // 2025.07.16 @ 02:01:59 Player: D.J. Result: Self-destructed Performance ------------- Evolutions (2) 1000 Regions Visited (3) 600 Robots Destroyed (29) 145 Value Destroyed (730) 730 Prototype IDs (2) 40 Alien Tech Used (0) 0 Bonus (0) 0 TOTAL SCORE: 2515 Bonus ------- None Cogmind --------- Core Integrity 69/550 Matter 202/300 Energy 95/100 System Corruption 1% Temperature Cool (0) Movement Core (100) Ox1 Location -8/Materials Parts ------- > --- POWER (1) -------- (None) > --- PROPULSION (2) --- (None) > --- UTILITY (6) ------ Advanced Visual Processing Unit Targeting Computer System Shield > --- WEAPON (2) ------- Remote Datajack Scythe > --- INVENTORY (5) ---- Assault Cannon Proton Missile Launcher Heavy Rocket Launcher Peak State ------------ > --- POWER ------------ (None) > --- PROPULSION ------- Armored Treads Armored Treads > --- UTILITY ---------- Advanced Visual Processing Unit Targeting Computer Targeting Computer Targeting Computer Targeting Computer > --- WEAPON ----------- Remote Datajack Remote Datajack > --- INVENTORY -------- VTOL Module Proton Missile Launcher Proton Missile Launcher Heavy Rocket Launcher [Rating: 22] Favorites ----------- Power Ion Engine Engine Ion Engine Propulsion Armored Treads Treads Armored Treads Wheel Compact Wheel Flight Unit VTOL Module Utility Targeting Computer Storage Small Storage Unit Processor Targeting Computer Hackware System Shield Weapon Advanced Beam Cannon Energy Gun Medium Laser Energy Cannon Advanced Beam Cannon Ballistic Gun Improved Assault Rifle Ballistic Cannon Assault Cannon Launcher Proton Missile Launcher Special Weapon Remote Datajack Slashing Weapon Scythe Build | -11 -10 -9 -8 ------- Run | Yrd Mat Mat Mat Slots Evolved 4 | . . 2 2 Power . | . . . . Propulsion . | . . . . Utility 4 | . . 2 2 Weapon . | . . . . Parts Attached 32 | 6 4 8 14 Power 4 | 1 . 1 2 Engine 4 | 1 . 1 2 Core . | . . . . Reactor . | . . . . Propulsion 6 | 2 . 3 1 Treads 2 | . . 2 . Leg . | . . . . Wheel 3 | 2 . 1 . Hover . | . . . . Flight 1 | . . . 1 Utility 10 | 1 3 2 4 Device . | . . . . Storage 2 | 1 1 . . Processor 7 | . 2 2 3 Hackware 1 | . . . 1 Protection . | . . . . Artifact . | . . . . Weapon 12 | 2 1 2 7 Energy Gun 2 | 1 1 . . Energy Cannon 1 | . . 1 . Ballistic Gun 2 | 1 . 1 . Ballistic Cannon 1 | . . . 1 Launcher 3 | . . . 3 Special Weapon 2 | . . . 2 Impact Weapon . | . . . . Slashing Weapon 1 | . . . 1 Piercing Weapon . | . . . . Special Melee Weapon . | . . . . Unidentified Prototypes 2 | . . 2 . Parts Lost 14 | . . . 14 Power 3 | . . . 3 Propulsion 3 | . . . 3 Utility 5 | . . . 5 Weapon 3 | . . . 3 Highest Loss Streak 5 | . . . 5 To Critical Strikes . | . . . . Average Backups 3 | 1 3 4 3 Power . | . . . . Propulsion . | 1 1 . . Utility 1 | . 1 2 . Weapon . | . . . 1 Tool/Special . | . . . . Unused Backups 5 | . 2 . 3 Power . | . . . . Propulsion 3 | . 2 . 1 Utility . | . . . . Weapon . | . . . . Tool/Special 2 | . . . 2 Average Slot Usage (%) 88 | . 93 99 79 Engine 7 | . 14 11 3 Treads 8 | . . 3 14 Wheel 11 | . 28 17 . Storage 2 | . 11 . . Processor 37 | . 10 43 42 Energy Gun 6 | . 18 7 . Energy Cannon 3 | . . 6 3 Ballistic Gun 5 | . 9 7 2 Launcher 2 | . . . 4 Special Weapon 1 | . . . 4 Peak Build Rating 22 | 6 8 17 22 Average Rating 14 | 3 6 13 19 On Entrance 7 | . 6 8 17 Naked Turns . | . . . . Heaviest Build 19 | 14 19 12 13 Greatest Support 40 | 32 32 40 40 Greatest Overweight (x) 3 | . . 3 3 Average Overweight (x) . | . . . . Largest Inventory Capacity 8 | 8 8 5 5 Average Capacity 5 | 5 6 5 5 Most Carried 5 | 4 5 5 5 Average Carried 3 | 1 3 4 3 Final Capacity 8 | 8 5 5 5 Final Carried 5 | 2 5 5 3 Class Distribution -------------------- 100% | Mutant Dominant Class ---------------- Mutant | -10/Materials Mutant | -9/Materials Mutant | -8/Materials Resources | -11 -10 -9 -8 ----------- Run | Yrd Mat Mat Mat Matter Collected 602 | 144 138 176 144 Remotely . | . . . . Salvage Created 889 | . 91 385 413 Parts 49 | . 3 22 24 Haulers Intercepted . | . . . . Recyclers Shooed 1 | . . . 1 Parts Field Recycled . | . . . . Retrieved Matter . | . . . . Parts Self-Destructed . | . . . . Prevented . | . . . . Kills | -11 -10 -9 -8 ------- Run | Yrd Mat Mat Mat Combat Hostiles Destroyed 22 | . . 12 10 Melee 1 | . . . 1 Guns 8 | . . 8 . Cannons 7 | . . 3 4 AOE 5 | . . . 5 Classes Destroyed 8 | . 1 3 4 Worker 3 | . . . 3 Builder 1 | . . . 1 Recycler 1 | . 1 . . Operator 1 | . . 1 . Watcher 1 | . . . 1 Swarmer 8 | . . 5 3 Grunt 12 | . . 7 5 Brawler 2 | . . . 2 Best Kill Streak 5 | . 1 5 5 Combat Bots Only 5 | . . 5 3 Max Kills in Single Turn 2 | . 1 1 2 Gunslinging . | . . . . Exploded 1 | . . . 1 Melee 1 | . . . 1 Uniques/NPCs Destroyed . | . . . . Combat | -11 -10 -9 -8 -------- Run | Yrd Mat Mat Mat Hostile Shots Fired 225 | . 8 69 148 Missed 65 | . 3 14 48 Hits 160 | . 5 55 100 Projectile 160 | . 5 55 100 Critical Strikes 7 | . . 2 5 Damage Taken 2290 | . 73 572 1645 Core 639 | . 11 147 481 Absorbed by Shields . | . . . . Core Remaining (%) 86 | 100 95 63 . Volleys Fired 56 | . 6 25 25 Largest 2 | . 2 2 2 Hottest 115 | . 70 115 107 Shots Fired 91 | . 12 50 29 Gun 52 | . 12 40 . Cannon 26 | . . 10 16 Launcher 10 | . . . 10 Special 3 | . . . 3 Kinetic 32 | . 6 20 6 Thermal 46 | . 6 30 10 Explosive 4 | . . . 4 Electromagnetic 6 | . . . 6 Robot Hit Streak 16 | . 3 16 10 Robot Miss Streak 3 | . 2 1 3 Penetration Max . | . . . . Secondary Targets 1 | . . 1 . Max Gunslinging Chain 1 | . . 1 . Shots Hit Robots 72 | . 8 39 25 Core Hits 38 | . 1 14 23 Critical Kills . | . . . . Critical Parts Destroyed . | . . . . Critical Strikes 5 | . . 5 . Burn 5 | . . 5 . Melee Attacks 4 | . . . 4 Impact . | . . . . Slashing 4 | . . . 4 Piercing . | . . . . Sneak Attacks . | . . . . Combat Hostiles . | . . . . Follow-up Attacks . | . . . . Damage Inflicted 2095 | . 96 624 1375 Guns 539 | . 96 443 . Cannons 492 | . . 181 311 Explosions 970 | . . . 970 Melee 94 | . . . 94 Ramming . | . . . . Kinetic 403 | . 47 229 127 Thermal 628 | . 49 395 184 Explosive 345 | . . . 345 Electromagnetic 625 | . . . 625 Impact . | . . . . Slashing 94 | . . . 94 Piercing . | . . . . Highest Corruption 1 | . . . 1 Average Corruption 1 | . . . 1 Corruption Purged . | . . . . Corruption Blocked . | . . . . Effects 4 | . . . 4 Message Errors 2 | . . . 2 Matter Fused 1 | . . . 1 Data Loss (minor) 1 | . . . 1 Overload Shots . | . . . . Overflow Damage 25 | . . . 25 Projectiles 17 | . . . 17 Explosions . | . . . . Melee 8 | . . . 8 Knockbacks . | . . . . Impact . | . . . . Kinetic . | . . . . Secondary . | . . . . Self-Inflicted Damage . | . . . . Shots . | . . . . Rammed 1 | . . . 1 Targets Rammed 1 | . . . 1 Kicked . | . . . . Crushed . | . . . . Highest Temperature 207 | . 78 207 99 Average Temperature 69 | . 35 87 33 Received Heat Transfer 1017 | . 42 192 783 Siege Activations . | . . . . Martial Activations . | . . . . Shielding Activations . | . . . . Robots Disrupted . | . . . . Combat Hostiles . | . . . . Robots Corrupted . | . . . . Combat Hostiles . | . . . . Parts Fried 2 | . . . 2 Impact Corruptions . | . . . . Robots Melted 1 | . . 1 . Combat Hostiles 1 | . . 1 . Parts Melted 8 | . . 5 3 Heat Transferred 1739 | . 148 1258 333 Parts Sabotaged . | . . . . Parts Stolen . | . . . . Parts Stripped . | . . . . Power Chain Reactions . | . . . . Alert | -11 -10 -9 -8 ------- Run | Yrd Mat Mat Mat Maximum Alert Level 1 | . . . 1 Low Security (%) 93 | 100 100 100 84 Level 1 6 | . . . 15 Level 2 . | . . . . Level 3 . | . . . . Level 4 . | . . . . Level 5 . | . . . . High Security . | . . . . Max Security . | . . . . Peak Influence 391 | . 5 125 391 Initial 46 | . . . 46 Average 63 | . . 64 97 Influence Increases 1032 | . 5 320 707 Destroy 0b10 Robot/C 440 | . . 240 200 Destroy 0b10 Robot/NC 35 | . 5 5 25 Destroy Leader 62 | . . 30 32 Disable Machine 75 | . . . 75 Destroy Structure 15 | . . . 15 Lose Combat Pursuer 405 | . . 45 360 Influence Decreases 649 | . 5 210 434 Entered New Map 64 | . . . 64 Time Decay 485 | . 5 210 270 Lost Part 100 | . . . 100 Squads Dispatched 6 | . 1 3 2 Investigation 3 | . . 2 1 Extermination . | . . . . Reinforcement 3 | . 1 1 1 Assault . | . . . . Garrison . | . . . . Intercept . | . . . . Searches Triggered . | . . . . Construction Impeded . | . . . . Haulers Reinforced . | . . . . Active Scanning Responses . | . . . . Cargo Convoy Interrupts . | . . . . Stealth | -11 -10 -9 -8 --------- Run | Yrd Mat Mat Mat Distress Signals 5 | . . 3 2 Communications Jammed . | . . . . Distress Signals . | . . . . Times Spotted 69 | . 4 24 41 Peak Tracking Total 9 | . 5 8 9 Tactical Retreats 10 | . . 2 8 Traps | -11 -10 -9 -8 ------- Run | Yrd Mat Mat Mat Traps Triggered 3 | . . 2 1 Indirectly . | . . . . Trap Hack Attempts . | . . . . Triggered . | . . . . Disarmed . | . . . . Reprogrammed 4 | . 4 . . Reused . | . . . . Traps Extracted . | . . . . Installed . | . . . . Triggered . | . . . . Machines | -11 -10 -9 -8 ---------- Run | Yrd Mat Mat Mat Machines Disabled 5 | . . . 5 Max in Single Turn 1 | . . . 1 Machines Repaired . | . . . . Machines Dismantled . | . . . . Machines Sabotaged . | . . . . Overloaded Fab Kills . | . . . . Hacking | -11 -10 -9 -8 --------- Run | Yrd Mat Mat Mat Machines Accessed 6 | . 2 2 2 Terminals 3 | . 1 1 1 Fabricators . | . . . . Repair Stations 1 | . . . 1 Recycling Units 1 | . 1 . . Scanalyzers 1 | . . 1 . Garrison Access . | . . . . Total Hacks 15 | . 5 6 4 Successful 4 | . 2 1 1 Failed 11 | . 3 5 3 Catastrophic 2 | . . 1 1 Database Lockouts . | . . . . Manual 6 | . . 3 3 Terminals 11 | . 4 4 3 Fabricators . | . . . . Repair Stations 1 | . . . 1 Recycling Units 1 | . 1 . . Scanalyzers 2 | . . 2 . Garrison Access . | . . . . Terminal Hacks 2 | . 1 1 . Record 1 | . . 1 . Reprogram Traps 1 | . 1 . . Fabricator Hacks . | . . . . Repair Station Hacks 1 | . . . 1 Scan Component 1 | . . . 1 Recycling Unit Hacks 1 | . 1 . . Report Inventory 1 | . 1 . . Scanalyzer . | . . . . Garrison Access Hacks . | . . . . Unauthorized Hacks . | . . . . Terminals . | . . . . Fabricators . | . . . . Repair Stations . | . . . . Recycling Units . | . . . . Scanalyzers . | . . . . Garrison Access . | . . . . Data Cores Recovered . | . . . . Used . | . . . . Hacking Detections 4 | . 1 2 1 Full Trace Events 3 | . 1 1 1 Feedback Events . | . . . . Feedback Blocked . | . . . . Robot Schematics Acquired . | . . . . Robots Built . | . . . . Authchips . | . . . . Time . | . . . . Total Robot Build Rating . | . . . . Part Schematics Acquired . | . . . . Parts Built . | . . . . Authchips . | . . . . Time . | . . . . Total Part Build Rating . | . . . . Parts Repaired . | . . . . Time . | . . . . Parts Recycled . | . . . . Recycled Matter . | . . . . Retrieved Matter . | . . . . Retrieved Components . | . . . . Parts Scanalyzed . | . . . . Part Schematics Acquired . | . . . . Parts Damaged . | . . . . Bothacking | -11 -10 -9 -8 ------------ Run | Yrd Mat Mat Mat Used RIF Installer . | . . . . Robots Hacked 1 | . . . 1 Non-combat . | . . . . Combat 1 | . . . 1 Robot Hacks Applied 1 | . . . 1 parse_system 1 | . . . 1 Relay Couplers Released . | . . . . Fabnet Peak Effective % . | . . . . Robots Rewired . | . . . . Allies Hacked . | . . . . Hacks Repelled . | . . . . Allies | -11 -10 -9 -8 -------- Run | Yrd Mat Mat Mat Total Allies . | . . . . Largest Group . | . . . . Highest-Rated Group . | . . . . Highest-Rated Ally . | . . . . Total Orders . | . . . . Ally Attacks . | . . . . Total Damage . | . . . . Kills . | . . . . Allies Corrupted . | . . . . Allies Melted . | . . . . Intel | -11 -10 -9 -8 ------- Run | Yrd Mat Mat Mat Active Infowar (turns) 457 | . . . 457 Optics 457 | . . . 457 Robot Analysis Total . | . . . . Derelict Logs Recovered . | . . . . Drone Launches . | . . . . Drone Recoveries . | . . . . Exploration | -11 -10 -9 -8 ------------- Run | Yrd Mat Mat Mat Turns Passed 1494 | 98 255 499 642 Spaces Moved 1004 | 89 219 337 359 Core 49 | 10 . 8 31 Treads 316 | . . 36 280 Legs . | . . . . Wheels 591 | 79 219 293 . Hover . | . . . . Flight 48 | . . . 48 Fastest Speed 35 | 50 100 95 35 Average Speed 119 | 94 100 106 150 Slowest Speed 275 | 100 100 200 275 Overloaded Moves . | . . . . Propulsion Burnouts . | . . . . Robots Hopped . | . . . . Potential Cave-ins . | . . . . Cave-ins Triggered . | . . . . Exploration Rate (%) 24 | 4 40 24 29 Regions Visited 3 Branch Regions . Pre-discovered Areas . | . . . . Known Exits Taken . | . . . . Unknown Exits Taken 3 | 1 1 1 . Scrap Searched . | . . . . Spaces Dug . | . . . . Terrain Destroyed 14 | . . . 14 Melee . | . . . . Projectile . | . . . . AOE 14 | . . . 14 Terrain Rammed . | . . . . Walls Destroyed . | . . . . Machines Disabled . | . . . . Actions | -11 -10 -9 -8 --------- Run | Yrd Mat Mat Mat Total 1211 | 102 246 431 432 Wait 46 | . . 43 3 Move 1001 | 88 218 336 359 Hop . | . . . . Pick Up 40 | 8 10 10 12 Fast Attach . | . . . . Attach 35 | 6 4 8 17 Detach 9 | . 2 1 6 Swap 1 | . . . 1 Drop 18 | . 6 8 4 Fire 56 | . 6 25 25 Melee 4 | . . . 4 Ram 1 | . . . 1 Kick . | . . . . Crush . | . . . . Escape Stasis . | . . . . Rewire . | . . . . Trap . | . . . . Miscellaneous . | . . . . Route ------- -11/Scrapyard -10/Materials (discovered 2 exits: *Mat / [*Min]) -9/Materials -8/Materials History --------- Turn | Location | Event 12 | -11/Scrapyard | Discovered new exit (range 16) 99 | -11/Scrapyard | Entered Materials 100 | -10/Materials | Met a group of wandering Federalists 152 | -10/Materials | Discovered new exit (range 7) 318 | -10/Materials | Build established: Mutant 331 | -10/Materials | Discovered new exit (range 10) 354 | -10/Materials | Entered another Materials area 354 | -9/Materials | Evolved 2 slots: Utility x2 642 | -9/Materials | Discovered new exit (range 12) 853 | -9/Materials | Entered another Materials area 853 | -8/Materials | Evolved 2 slots: Utility x2 1044 | -8/Materials | Lost 5 parts (2p2u1w) 1396 | -8/Materials | Core integrity fell below 50% 1415 | -8/Materials | Lost 5 parts (2n1u2w) 1494 | -8/Materials | Core integrity fell below 20% 1495 | -8/Materials | Self-destructed Last Messages --------------- SECURING TERMINAL." 01459_ Destroyed Imp. Heat Sink. 01462_ ALERT: Hostiles spotted, dispatching reinforcements to Terminal M005. 01463_ Dropped Corrupted Imp. Hover Unit. 01465_ VTOL Module destroyed. 01472_ Acquired Scythe. 01473_ G-47 Trooper misfires. 01479_ Targeting Computer destroyed. 01480_ Destroyed Lgt. Nuclear Core. 01485_ Aluminum Leg melted. 01485_ G-47 Trooper destroyed. 01491_ Jacked Y-45 Defender... >>parse_system Reading system data... 01493_ Jacked Y-45 Defender... 01493_ Command string: scatter_targeting 01493_ Command string: disable_weapons 01494_ Slammed into Y-45 Defender. 01495_ Acquired 48 matter. Map ----- +----------------------------------------------------+ | | | | | | | | | | | | | | | | | | | | | ?????????????????????????????????????????????????? | | ?????????????????????????????????????????????????? | | ?????????????????????????????????????????????????? | | ?????????????????????????????????????????????????? | | ?????????????????????????????????????????????????? | | ??????????????????????########???????????????????? | | ??????????????????????# ????????????????????? | | ??????????????????????# """????????????????????? | | ??????????????????????? ""?????????????????????? | | ??????????????????????? ""?????????????????????? | | ???????????????????????? ??????????????????????? | | ???????????????????????? ?????###+##???????????? | | ??????????+ ##+#########+####### % #??????###### | | ??????????# =%* ######## # | | ??????????# guu =%% # # # | | ??????????#####+#########@####### # # # | | ??????????????????????# Y #??## ## + + | | ??????????????????????# #???# ## # # | | ??????????????????????# #???# ## # # | | ??????????????????????# !! #???# ## # ## | | ??????????????????????# !! #???# ######### #? | | ??????????????????????# !! #???# # ] # #? | | ??????????????????????########???# # " # #? | | ?????????????????????????######### # "" # ## | | ?????????????????????????# # # "" # | | ?????????????????????????# # # """ + | | ??????????###########????# ! # # "" # | | ??????????#!!] #????# # # """ # | | ??????????#!! #????# + # """ # | | ??????????#!! """ #????######### # """ # | | ??????????# """ #????# ## # " # | | ??????????# """ #????# """## # # | | ??????????# #????#[ """## ####### # | | ??????????# = #????# """## #?????# # | | ??????????# #????# ## #?????# # | | ??????????#####+#####????? ??# #?????# # | | ????????????# ##########+##### ####??### | | ????????????# ! ###### | | ????????????# % | | ????????????# ! =%= = ########### | +----------------------------------------------------+ Best States ------------- Heat Dissipation 31 Energy Generation 10 Energy Capacity 250 Matter Stores 300 Matter Capacity 300 Sight Range 20 Terrain Scan Density 10 Evasion (%) 63 Targeting Accuracy 30 Recoil Reduction 2 Defensive Hacking 10 Item Schematics ----------------- None Robot Schematics ------------------ None Fabricated ------------ Nothing Repaired ---------- Nothing Alien Tech Used ----------------- None Achievements -------------- None Challenges ------------ None Game ------ Seed SmartPotentialOptics Manual? 0 Play Time 00:26:35 Cumulative 5.6 hours Start 2025.07.16 @ 01:34:30 End 2025.07.16 @ 02:01:59 Sessions 1 Manual Loads 0 Difficulty Rogue Special Mode None Game No. 16 Rogue 16 Adventurer 0 Explorer 0 Win Type - Total 0 Types 0/0/0/0/0/0/0/0/0/0 Lore% 7 Gallery% 8 Achievement% 9 Wizard Run 0 Options --------- Layout 2 ASCII 0 Keyboard 1 Movement Arrows Keybinds 0 Fullscreen 1 Font 24/Swanston Map View 50x44 Zoom Use 4% Tactical HUD 1 Map Filters NONE Filters NONE Steam 1 RUN: c3e33163-84e8-4477-89ca-d55ab3a681ab